 Dungeon Crawl Stone Soup version 0.30-a0-782-ge64f9170bb (webtiles) character file.

Game seed: 16462620920698920605

514157 Moufas the Conqueror (level 24, -15/249 HPs)
             Began as a Minotaur Gladiator on Feb 27, 2023.
             Was the Champion of the Shining One.
             Killed by the air
             ... invoked by a titan
              (20 damage)
             ... on level 5 of the Vaults.
             The game lasted 02:21:45 (48819 turns).

Moufas the Conqueror (Minotaur Gladiator)          Turns: 48819, Time: 02:21:46

Health: -15/249    AC: 33    Str: 31    XL:     24   Next: 90%
Magic:  26/36      EV: 17    Int:  8    God:    the Shining One [******]
Gold:   4605       SH: 14    Dex: 17    Spells: 23/23 levels left

rFire   + + .      SeeInvis .    C - +9 executioner's axe (holy)
rCold   + + +      Faith    .    (shield currently unavailable)
rNeg    + + +      Spirit   .    w - +5 gold dragon scales
rPois   +          Reflect  .    c - +0 hat "Otingyeg" {rPois rC+}
rElec   .          Harm     .    T - scarf {repulsion}
rCorr   +          Rampage  +    b - +2 pair of gloves of Zapnob {rC+ Dex+4}
Will    +++..                    a - +0 pair of boots {rampage} Stlth
                                 j - amulet of regeneration
HPRegen 1.41/turn                h - ring of the Traitor {Will+ rCorr Str+2 Dex+3}
MPRegen 0.25/turn                F - ring "Xuavommabb" {rF+ rN+ Will+ Int+3 Dex-4}

@: mighty, divinely shielded, slowed, glowing, studying Stealth, repel missiles,
very slow
A: horns 2, retaliatory headbutt
}: 1/15 runes: gossamer
a: Renounce Religion, Divine Shield, Cleansing Flame, Summon Divine Warrior


You were on level 5 of the Vaults.
You worshipped the Shining One.
The Shining One was exalted by your worship.
You visited 10 branches of the dungeon, and saw 43 of its levels.
You visited the Abyss 1 time.
You also visited: Ice Cave and Wizlab.

You collected 5062 gold pieces.
You spent 457 gold pieces at shops.

Inventory:

Hand Weapons
 C - a +9 executioner's axe of holy wrath (weapon)
 L - the +6 halberd of Trauma {elec, Fly rCorr MP-9 Dex+5}
   (You found it on level 3 of the Crypt)

   Dex:       It affects your dexterity (+5).
   MP:        It affects your magic capacity (-9).
   Fly:       It grants you flight.
   rCorr:     It protects you from acid and corrosion.
 X - the +3 executioner's axe of Fortitude {freeze, Str+3 Dex+4}
   (Okawaru gifted it to you on level 11 of the Dungeon)

   Str:       It affects your strength (+3).
   Dex:       It affects your dexterity (+4).
Missiles
 N - 9 silver javelins (quivered)
Armour
 a - a +0 pair of boots of rampaging (worn)
 b - the +2 pair of gloves of Zapnob (worn) {rC+ Dex+4}
   (Okawaru gifted it to you on level 2 of the Spider Nest)

   Dex:       It affects your dexterity (+4).
   rC:        It protects you from cold.
 c - the +0 hat "Otingyeg" (worn) {rPois rC+}
   (Okawaru gifted it to you on level 10 of the Dungeon)

   rC:        It protects you from cold.
   rPois:     It protects you from poison.
 w - +5 gold dragon scales (worn)
 T - a scarf of repulsion (worn)
Jewellery
 h - the ring of the Traitor (left hand) {Will+ rCorr Str+2 Dex+3}
   (You found it on level 9 of the Dungeon)

   [ring of resist corrosion]

   Str:       It affects your strength (+2).
   Dex:       It affects your dexterity (+3).
   rCorr:     It protects you from acid and corrosion.
   Will:      It increases your willpower.
 j - an amulet of regeneration (around neck)
 F - the ring "Xuavommabb" (right hand) {rF+ rN+ Will+ Int+3 Dex-4}
   (You acquired it on level 4 of the Vaults)

   [ring of willpower]

   Int:       It affects your intelligence (+3).
   Dex:       It affects your dexterity (-4).
   rF:        It protects you from fire.
   rN:        It protects you from negative energy.
   Will:      It increases your willpower.
 P - the ring of Vampiric Thralls {rF+ rC- AC+4 Str+5}
   (You found it on level 9 of the Dungeon)

   [ring of protection]

   AC:        It affects your AC (+4).
   Str:       It affects your strength (+5).
   rF:        It protects you from fire.
   rC:        It makes you vulnerable to cold.
Wands
 A - a wand of digging (8)
 B - a wand of roots (92)
 I - a wand of mindburst (46)
 S - a wand of quicksilver (13)
Scrolls
 e - a scroll of poison
 g - 4 scrolls of butterflies
 i - 9 scrolls of magic mapping
 l - 5 scrolls of fog
 n - 7 scrolls of teleportation
 u - 2 scrolls of brand weapon
 v - 3 scrolls of blinking
 x - 3 scrolls of fear
 J - 2 scrolls of enchant weapon
 M - 3 scrolls of silence
Potions
 f - 4 potions of resistance
 m - 2 potions of heal wounds
 o - 3 potions of might
 p - 8 potions of flight
 r - 5 potions of ambrosia
 s - 12 potions of curing
 t - 2 potions of haste
 z - 4 potions of cancellation
 D - 2 potions of lignification
 E - 2 potions of brilliance
 G - a potion of berserk rage
 H - 7 potions of mutation
Miscellaneous
 q - a tin of tremorstones (2/2)
 y - a piece from Xom's chessboard (15/15)


   Skills:
 O Level 27 Fighting
 O Level 27 Axes
 - Level 6.0(18.9) Maces & Flails
 - Level 2.0 Throwing
 + Level 20.3 Armour
 - Level 20.0 Dodging
 - Level 5.0 Shields
 - Level 20.0 Invocations
 - Level 5.0 Evocations


You had 23 spell levels left.
You didn't know any spells.
Your spell library contained the following spells:

 Spells                   Type           Power      Damage    Failure   Level
 Apportation              Tloc           0%         N/A       98%         1
 Foxfire                  Conj/Fire      0%         2x1d4     98%         1
 Magic Dart               Conj           0%         1d3       98%         1
 Necrotise                Necr           0%         1d4       98%         1
 Shock                    Conj/Air       0%         1d3       98%         1
 Summon Small Mammal      Summ           0%         N/A       98%         1
 Blink                    Tloc           0%         N/A       99%         2
 Call Imp                 Summ           0%         N/A       99%         2
 Cigotuvi's Dreadful Rot  Necr/Pois/Air  0%         N/A       99%         2
 Ensorcelled Hibernation  Hex/Ice        0%         N/A       99%         2
 Lesser Beckoning         Tloc           0%         N/A       99%         2
 Momentum Strike          Conj/Tloc      0%         3d8       99%         2
 Static Discharge         Conj/Air       0%         2-2/arc   99%         2
 Sublimation of Blood     Necr           0%         N/A       99%         2
 Wereblood                Tmut           0%         N/A       99%         2
 Dazzling Flash           Conj/Hex       0%         N/A       100%        3
 Gell's Gravitas          Tloc           0%         N/A       100%        3
 Kindle Blastsparks       Fire/Tloc/Air  0%         2d10      100%        3
 Mephitic Cloud           Conj/Pois/Air  0%         N/A       100%        3
 Portal Projectile        Hex/Tloc       0%         N/A       100%        3
 Spider Form              Tmut/Pois      0%         N/A       100%        3
 Swiftness                Air            0%         N/A       100%        3
 Teleport Other           Tloc           0%         N/A       100%        3
 Tukima's Dance           Hex            0%         N/A       100%        3
 Airstrike                Air            0%         2d(0-16)  100%        4
 Anguish                  Hex/Necr       0%         N/A       100%        4
 Dispel Undead            Necr           0%         3d6       100%        4
 Fulminant Prism          Conj/Hex       0%         3d5       100%        4
 Iskenderun's Mystic Bla  Conj/Tloc      0%         2d3       100%        4
 Olgreb's Toxic Radiance  Pois           0%         N/A       100%        4
 Petrify                  Tmut/Erth      0%         N/A       100%        4
 Sticky Flame             Conj/Fire      0%         2d3       100%        4
 Summon Lightning Spire   Summ/Air       0%         N/A       100%        4
 Agony                    Necr           0%         N/A       100%        5
 Blade Hands              Tmut           0%         N/A       100%        5
 Fireball                 Conj/Fire      0%         3d3       100%        5
 Freezing Cloud           Conj/Ice/Air   0%         6-21      100%        5
 Irradiate                Conj/Tmut      0%         3d11      100%        5
 Iskenderun's Battlesphe  Conj           0%         2d6       100%        5
 Lee's Rapid Deconstruct  Erth           0%         3d4*      100%        5
 Lightning Bolt           Conj/Air       0%         1d11      100%        5
 Silence                  Hex/Air        0%         N/A       100%        5
 Summon Forest            Summ/Tloc      0%         N/A       100%        5
 Conjure Ball Lightning   Conj/Air       0%         3x3d6     100%        6
 Death Channel            Necr           0%         N/A       100%        6
 Eringya's Noxious Bog    Tmut/Pois      0%         N/A       100%        6
 Iron Shot                Conj/Erth      0%         9d1       100%        6
 Simulacrum               Ice/Necr       0%         N/A       100%        6
 Starburst                Conj/Fire      0%         6d3       100%        6
 Statue Form              Tmut/Erth      0%         N/A       100%        6
 Orb of Destruction       Conj           0%         9d5       100%        7
 Ozocubu's Refrigeration  Ice            0%         4d7       100%        7
 Spellforged Servitor     Conj/Summ      0%         N/A       100%        7
 Summon Hydra             Summ           0%         N/A       100%        7
 Ignition                 Fire           0%         3d3       100%        8
 Chain Lightning          Conj/Air       0%         N/A       100%        9
 Fire Storm               Conj/Fire      0%         5d1       100%        9
 Polar Vortex             Ice            0%         N/A       100%        9
 Shatter                  Erth           0%         3d5*      100%        9


Dungeon Overview and Level Annotations

Branches:
Dungeon (15/15)            Temple (1/1) D:7            Lair (5/5) D:8
 Shoals (1/4) Lair:2       Spider (4/4) Lair:3        Slime (0/5) Lair:5
    Orc (2/2) D:10            Elf (3/3) Orc:2        Vaults (4/5) D:14
  Crypt (3/3) Vaults:2       Tomb (0/3) Crypt:3      Depths (4/4) D:15
  IceCv (visited)          WizLab (visited)
    Zot: Depths:4

Altars:
Ashenzari
Cheibriados
Dithmenos
Elyvilon
Fedhas
Gozag
Hepliaklqana
Kikubaaqudgha
Makhleb
Nemelex Xobeh
Okawaru
Qazlal
Ru
Sif Muna
Trog
Uskayaw
Vehumet
Wu Jian
Xom
Yredelemnul
Zin
The Shining One
Lugonu

Shops:
D:7 =   D:14 (   Orc:2 *!**   Elf:3 *   Vaults:1 (   Vaults:3 [:   Depths:2 ==:
Depths:3 !

Portals:
Hell: Depths:1 Depths:2 Depths:3
Abyss: Depths:1 Depths:3
Pandemonium: Depths:2 Depths:3
Ziggurat: Depths:3

Annotations:
D:4 1 runed translucent door, Crazy Yiuf


Innate Abilities, Weirdness & Mutations

You have a pair of horns on your head.
You reflexively headbutt those who attack you in melee.


Message History

You feel very mighty all of a sudden.
The ettin changes into a wolf spider!
Your angel gestures.
Your angel is healed somewhat.
The storm dragon breathes lightning at you.
The bolt of lightning hits you!!!
A titan comes into view.
The deep elf death mage hits you but does no damage.
The ettin misses you. You furiously retaliate!
You headbutt the ettin!! The ettin misses you.
The titan waves its arms in wide circles.
The air twists around and strikes you!!
* * * LOW HITPOINT WARNING * * *
You block the vault guard's attack.
The vault guard hits you but does no damage.
The deep elf demonologist gestures wildly while chanting.
The cyan very ugly thing kicks you but does no damage.
Your angel hits the elephant with a +1 whip of holy wrath!
The elephant dies!
You hear a shout!
You hear a horrible gurgling sound!
You hear a chilling moan.
You hear a shout!
You hear two shouts!
You hear a deafening roar!
You hear a shout!
You slash the ettin!
The ettin is severely wounded.
You hit the deep elf death mage. You slash the vault warden!
You barely miss the cyan very ugly thing.
The storm dragon breathes lightning at you.
The bolt of lightning hits you!!!
* * * LOW HITPOINT WARNING * * *
The torpor snail misses your angel.
Being near the torpor snail leaves you feeling lethargic.
You block the vault warden's attack.
The deep elf death mage hits you but does no damage.
The ettin hits you with a +0 dire flail!
* * * LOW HITPOINT WARNING * * *
The ettin hits you with a +0 dire flail!
* * * LOW HITPOINT WARNING * * *
The titan waves its arms in wide circles.
The air twists around and strikes you!!
You die...

#..........#.#.
......#.....#.#.
.............#. .
......L.......#.#
##.#Dw†........##
......A[[........
....2...pp.......
...1e..<[[<....".
........e@[......
#####C.)pCu..####
#....Hp.C..#
..#.#....#Cs.#
#.#e##....##.#.$
..#.. #....# ## .
.#.#. #....#
#...c#


You could see 3 titans, an ancient lich (empowered, ally target), a storm dragon
(catching breath), a cyan very ugly thing, an Ice Fiend (summoned), a sphinx
(empowered), a vault warden (empowered), a yaktaur captain, 3 vault guards, a
deep elf annihilator (empowered), a deep elf death mage (empowered), an ettin, a
torpor snail shaped shifter, a wolf spider shaped shifter, a deep elf
demonologist, a hellion (summoned) and a friendly angel (summoned, slow).

Vanquished Creatures
  2 dread liches (Vaults:4)
  3 ancient liches
  Sojobo (Vaults:3)
  Vv (Depths:2)
  Frederick (Vaults:3)
  Margery (Crypt:2)
  A curse toe (Crypt:3)
  A caustic shrike (Depths:1)
  4 golden dragons
  Nikola (Vaults:3)
  the Enchantress (Depths:3)
  A bone dragon (Depths:4)
  4 tentacled monstrosities
  Asterion (Vaults:3)
  2 walking earthen tomes
  11 titans
  7 deep elf blademasters
  7 deep elf master archers
  3 quicksilver dragons
  7 ancient champions
  3 shadow dragons
  5 sphinxes
  Gastronok (Lair:1)
  Frances (Spider:1)
  A tengu reaver (Vaults:3)
  A storm dragon (Depths:3)
  A tentacled starspawn (WizLab)
  A revenant (Crypt:2)
  Kirke (Spider:1)
  5 nagarajas (WizLab)
  A draconian knight (Vaults:3)
  11 fire giants
  The ghost of NoOffense the Brawler, a journeyman TrMo of Hepliaklqana (Depths:1)
  The ghost of gyole the Fighter, a journeyman OgMo of Jiyva (Orc:2)
  10 vault wardens
  10 emperor scorpions
  Aizul (Elf:1)
  5 ghost moths
  6 orc warlords
  18 frost giants
  6 deep elf sorcerers
  18 ironbound preservers
  5 spectral caustic shrikes (Depths:1)
  A draconian shifter (Depths:4)
  5 deep elf elementalists (Elf:3)
  A draconian stormcaller (Depths:4)
  2 reapers
  3 spriggan defenders (Depths:3)
  4 demonspawn corrupters (WizLab)
  25 very ugly things
  4 broodmothers
  9 ghouls
  7 ironbound thunderhulks
  22 stone giants
  2 juggernaut skeletons (Crypt:3)
  6 caustic shrike skeletons (Crypt:3)
  4 deep elf demonologists (Elf:3)
  2 green draconians (Crypt:2)
  7 vampire knights
  3 deep elf annihilators (Elf:3)
  3 yellow draconians
  2 black draconians
  A white draconian (Depths:4)
  5 dire elephants
  2 minotaurs
  8 spark wasps
  The ghost of 0netwelve the Severer, a journeyman HOMo of the Shining One (Orc:2)
  3 eidola
  A crystal guardian (Vaults:3)
  Snorg (Lair:4)
  2 green deaths
  5 ettins
  8 deep elf death magi
  7 entropy weavers
  8 jiangshi
  3 merfolk javelineers
  6 deep elf high priests
  2 merfolk impalers
  5 fire dragons
  A spriggan zombie (Depths:1)
  30 vault guards
  9 yaktaur captains
  9 great orbs of eyes
  7 spriggan air magi
  4 hydras
  A fenstrider witch zombie (Crypt:1)
  3 rakshasas
  Josephine (D:13)
  A hell beast (Depths:2)
  A salamander tyrant (Depths:2)
  3 jorogumos
  10 ice dragons
  2 peacekeepers
  7 ironbound frosthearts
  2 death knights
  3 spriggan skeletons (Crypt:3)
  6 boulder beetles
  10 radroaches
  A satyr (shapeshifter) (Crypt:1)
  5 catoblepae
  3 two-headed ogres
  13 centaur warriors
  23 dancing weapons
  A merfolk aquamancer (WizLab)
  6 vampire magi
  2 tengu warriors
  4 deep troll earth magi
  14 death yaks
  7 deep troll shamans
  A two-headed ogre (shapeshifter) (Vaults:4)
  4 naga warriors
  A hell hog (Depths:2)
  Sonja (D:13)
  7 soul eaters
  10 hell knights
  3 sun demons (Depths:2)
  2 titan skeletons (Crypt:3)
  19 deep elf knights
  9 spriggan berserkers
  A sixfirhy (Depths:3)
  A goliath frog (Crypt:1)
  8 pharaoh ants
  A sea snake (shapeshifter) (Depths:2)
  8 iron trolls
  25 skeletal warriors
  3 skysharks
  13 deep elf archers
  A salamander mystic (Depths:2)
  3 shadow wraiths
  7 sun moths
  49 deep trolls
  A deep troll (shapeshifter) (D:13)
  A spriggan druid (WizLab)
  8 orb spiders
  An anaconda zombie (Crypt:3)
  A bunyip zombie (Crypt:2)
  4 bog bodies
  8 lindwurms
  A wolf spider zombie (Crypt:1)
  2 glowing orange brains
  19 ironbound convokers
  13 wizards
  A tengu zombie (Depths:1)
  7 steelbarb worms
  42 deep elf pyromancers
  21 orc knights
  8 phantasmal warriors
  4 necromancers
  26 deep elf zephyrmancers
  3 cyclopes
  11 orc sorcerers
  28 wolf spiders
  9 harpies
  3 manticores
  2 worldbinders (WizLab)
  A cyclops (shapeshifter) (WizLab)
  37 ugly things
  2 moths of wrath (Spider:3)
  8 salamanders
  21 elephants
  2 centaur zombies (D:15)
  2 iron dragon skeletons
  An ice statue (IceCv)
  Maurice (D:9)
  2 rust devils (Depths:3)
  2 naga magi (D:15)
  4 black mambas
  25 vault sentinels
  An eye of devastation (Lair:5)
  A naga zombie (Crypt:1)
  6 torpor snails
  5 smoke demons
  A gargoyle (D:13)
  8 demonic crawlers
  A pale draconian zombie (Crypt:2)
  2 centaur skeletons
  7 cane toads
  3 dire elephant skeletons
  A yellow draconian zombie (Crypt:3)
  Psyche (D:10)
  4 kobold demonologists
  2 rime drakes
  An unseen horror (Crypt:1)
  14 yaktaurs
  A rime drake (shapeshifter) (Elf:2)
  7 komodo dragons
  3 freezing wraiths
  A minotaur skeleton (Crypt:1)
  A tengu conjurer (Depths:1)
  10 hornets
  A yellow draconian skeleton (Crypt:2)
  5 trolls
  6 meliai (D:14)
  16 polar bears
  A white draconian skeleton (Crypt:1)
  5 merfolk (Vaults:4)
  3 guardian mummies (Crypt:1)
  26 tarantellas
  4 harpy skeletons
  A large abomination (Crypt:1)
  A hydra skeleton (Crypt:3)
  Prince Ribbit (Lair:1)
  24 blink frogs
  4 dream sheep (Lair:4)
  57 slime creatures
  A satyr skeleton (Crypt:1)
  A culicivora (shapeshifter) (WizLab)
  A black mamba zombie (Crypt:1)
  5 flying skulls (Crypt:2)
  4 shadows
  33 jumping spiders
  25 culicivoras
  2 ettin skeletons (Crypt:3)
  An ice dragon skeleton (Crypt:2)
  19 spriggans
  2 water elementals
  46 yaks
  13 wraiths
  4 vampires
  5 basilisks
  10 wyverns
  3 hogs (Spider:1)
  A hog (shapeshifter) (D:15)
  57 redbacks
  6 fire elementals
  Menkaure (D:6)
  2 steam dragons
  3 vampire mosquitoes (Crypt:1)
  A human (Spider:1)
  2 chaos spawn
  4 nagas
  4 acid dragons
  10 wargs
  A glowing shapeshifter zombie (Crypt:2)
  10 water moccasins
  A floating eye (shapeshifter) (Vaults:4)
  4 floating eyes
  Duvessa (D:6)
  23 orc warriors
  A snapping turtle zombie (Crypt:3)
  A small abomination (Crypt:1)
  2 ice beasts (D:6)
  3 black bears
  5 ogres
  27 wolves
  6 boggarts
  A swamp dragon zombie (Crypt:2)
  3 centaurs
  2 phantoms
  2 kobold brigands (D:10)
  Blork the orc (D:6)
  9 bullfrogs
  5 necrophages
  2 gnoll sergeants
  6 scorpions
  A komodo dragon skeleton (Crypt:3)
  A naga simulacrum (Crypt:1)
  4 earth elementals
  A warg zombie (Crypt:2)
  27 wights
  Dowan (D:6)
  9 killer bees
  2 electric eels (Elf:3)
  A warg skeleton (Crypt:1)
  8 howler monkeys
  A lava snake (D:9)
  4 hounds
  3 jellies
  16 orc priests
  2 gnoll boudas (D:7)
  6 hell rats
  Ijyb (D:3)
  2 human skeletons (Crypt:1)
  49 orc wizards
  4 iguanas
  A deep dwarf skeleton (Crypt:1)
  5 mummies (Crypt:1)
  26 gnolls
  5 adders
  A shadow imp (D:6)
  An iguana skeleton (Crypt:3)
  A lava snake skeleton (Crypt:2)
  2 worms (D:4)
  A dart slug (D:5)
  85 orcs
  15 ball pythons
  A bat skeleton (Crypt:3)
  8 endoplasms
  4 giant cockroaches
  3 goblins
  9 hobgoblins
  5 quokkas
  7 bats
  5 frilled lizards
  12 kobolds
  4 rats
2013 creatures vanquished.

Vanquished Creatures (collateral kills)
  The ghost of Ceuschugat the Warrior, a veteran GrFi of the Shining One (Crypt:1)
  A lich (Vaults:5)
  A deep elf blademaster (Elf:3)
  A vault guard (Vaults:5)
  A rakshasa (Depths:1)
  2 deep elf archers (Crypt:1)
  A deep elf zephyrmancer (Elf:3)
  An elephant (shapeshifter) (Vaults:5)
  A yaktaur (Vaults:5)
  A hornet (Depths:3)
11 creatures vanquished.

Vanquished Creatures (others)
  A fire giant (Depths:3)
  A minotaur (Crypt:1)
  A great orb of eyes (Vaults:3)
  A tengu warrior (Depths:3)
  An ironbound convoker (Vaults:5)
  A wizard (WizLab)
  2 deep elf zephyrmancers
  An orc wizard (Crypt:1)
  3 orcs
  A bush (Lair:2)
  8 fungi
  29 plants
  2 starspawn tentacles (WizLab)
52 creatures vanquished.

Grand Total: 2076 creatures vanquished

Notes
Turn   | Place    | Note
-------+----------+-------------------------------------------
     0 | D:1      | Moufas the Minotaur Gladiator began the quest for the Orb.
     0 | D:1      | Reached XP level 1. HP: 18/18 MP: 0/0
   213 | D:1      | Reached skill level 1 in Armour
   216 | D:1      | Reached XP level 2. HP: 20/25 MP: 1/1
   817 | D:1      | Reached XP level 3. HP: 31/31 MP: 2/2
   967 | D:2      | Identified the +1 ring mail of Coacim {*Slow rCorr MP+9}
  1035 | D:2      | Identified the +1 scale mail of the Villain {Regen+ MP-9
                  | Str-2 Stlth+}
  1187 | D:2      | Reached XP level 4. HP: 38/38 MP: 3/3
  1238 | D:2      | Found a faded altar of an unknown god.
  1844 | D:3      | Noticed Ijyb
  1846 | D:3      | Found an iron altar of Okawaru.
  1882 | D:3      | Killed Ijyb
  1915 | D:3      | Became a worshipper of Warmaster Okawaru
  1916 | D:3      | Identified the +6 ring mail "Vocuoqeim" {Dex+3}
  1978 | D:3      | Reached skill level 5 in Axes
  1978 | D:3      | Reached XP level 5. HP: 39/46 MP: 4/4
  2330 | D:3      | Found a glowing golden altar of the Shining One.
  2333 | D:3      | Found a sparkling altar of Nemelex Xobeh.
  2335 | D:3      | Found a snail-covered altar of Cheibriados.
  2338 | D:3      | Found a hazy altar of Hepliaklqana.
  2338 | D:3      | Found a sacrificial altar of Ru.
  2343 | D:3      | Found an ornate altar of the Wu Jian Council.
  2841 | D:4      | Noticed a phantom
  2849 | D:4      | Killed a phantom
  2850 | D:4      | Reached XP level 6. HP: 53/53 MP: 5/5
  2937 | D:4      | Reached * piety under Okawaru
  2938 | D:4      | Reached skill level 5 in Fighting
  3466 | D:4      | Found a runed translucent door.
  3467 | D:4      | Noticed Crazy Yiuf
  3570 | D:5      | Entered Level 5 of the Dungeon
  3620 | D:5      | Reached XP level 7. HP: 61/61 MP: 6/6
  3655 | D:5      | Reached skill level 1 in Invocations
  3665 | D:5      | Reached ** piety under Okawaru
  3701 | D:5      | Reached skill level 5 in Armour
  3866 | D:5      | Found an ancient bone altar of Kikubaaqudgha.
  3870 | D:5      | Found a shimmering blue altar of Sif Muna.
  3872 | D:5      | Found a radiant altar of Vehumet.
  3975 | D:5      | Reached skill level 5 in Dodging
  3982 | D:5      | Reached XP level 8. HP: 70/70 MP: 8/8
  4278 | D:5      | Found a shimmering altar of Xom.
  4895 | D:6      | Noticed Menkaure
  5012 | D:6      | Killed Menkaure
  5116 | D:6      | Noticed Dowan
  5116 | D:6      | Noticed Duvessa
  5122 | D:6      | Killed Duvessa
  5126 | D:6      | Killed Dowan
  5187 | D:6      | Noticed Blork the orc
  5199 | D:6      | Killed Blork the orc
  5279 | D:6      | Reached *** piety under Okawaru
  5308 | D:6      | Reached XP level 9. HP: 78/79 MP: 10/10
  5397 | D:6      | Found a broken altar of Ashenzari.
  5492 | D:6      | Reached skill level 1 in Evocations
  5759 | D:7      | Found a basalt altar of Yredelemnul.
  6008 | D:7      | Found Kofagas's Jewellery Emporium.
  6156 | D:7      | Found a staircase to the Ecumenical Temple.
  6186 | Temple   | Entered the Ecumenical Temple
  6549 | D:8      | Found a staircase to the Lair.
  6552 | D:8      | Noticed an elephant
  6584 | D:8      | Reached skill level 5 in Invocations
  6586 | D:8      | Killed an elephant
  6586 | D:8      | Reached **** piety under Okawaru
  6661 | D:8      | Reached XP level 10. HP: 84/89 MP: 12/12
  6809 | D:8      | Noticed a two-headed ogre
  6819 | D:8      | Killed a two-headed ogre
  7736 | D:9      | Noticed Maurice
  7739 | D:9      | Killed Maurice
  7739 | D:9      | Noticed a two-headed ogre
  7789 | D:8      | Reached ***** piety under Okawaru
  7794 | D:8      | Received a gift from Okawaru
  8070 | D:9      | Killed a two-headed ogre
  8070 | D:9      | Received a gift from Okawaru
  8071 | D:9      | Reached skill level 10 in Axes
  8086 | D:9      | Found a stormy altar of Qazlal.
  8154 | D:9      | Identified the ring of Vampiric Thralls {rF+ rC- AC+4
                  | Str+5}
  8176 | D:9      | Found an opulent altar of Gozag.
  8198 | D:9      | Found a runed translucent door.
  8251 | D:9      | Reached skill level 10 in Fighting
  8251 | D:9      | Reached XP level 11. HP: 61/99 MP: 13/13
  8592 | D:9      | Found a runed translucent gate.
  8592 | D:9      | Found a runed translucent gate.
  8592 | D:9      | Found a runed translucent gate.
  8592 | D:9      | Found a runed translucent gate.
  8592 | D:9      | Found a runed translucent gate.
  8592 | D:9      | Found a runed translucent gate.
  8592 | D:9      | Noticed a boulder beetle
  8592 | D:9      | Noticed a lindwurm
  8596 | D:9      | Noticed a boulder beetle
  8624 | D:10     | Entered Level 10 of the Dungeon
  8639 | D:10     | Noticed Psyche
  8644 | D:10     | Killed Psyche
  8644 | D:10     | Identified the +0 hat "Otingyeg" {rPois rC+} (Okawaru
                  | gifted it to you on level 10 of the Dungeon)
  8644 | D:10     | Received a gift from Okawaru
  8734 | D:10     | Noticed a soul eater
  8748 | D:10     | Reached skill level 10 in Armour
  8840 | D:10     | Found a staircase to the Orcish Mines.
  8841 | D:10     | Noticed an orc knight
  9025 | D:10     | Noticed a death knight
  9025 | D:10     | Noticed a brown ugly thing
  9030 | D:10     | Noticed a yaktaur captain
  9223 | D:10     | Noticed a centaur warrior
  9231 | D:10     | Noticed a death knight
  9393 | Lair:1   | Entered Level 1 of the Lair of Beasts
  9455 | Lair:1   | Reached skill level 10 in Dodging
  9733 | Lair:1   | Noticed Prince Ribbit
  9743 | Lair:1   | Killed Prince Ribbit
  9773 | Lair:1   | Noticed Gastronok
  9789 | Lair:1   | Killed Gastronok
  9792 | Lair:1   | Received a gift from Okawaru
 10246 | Lair:2   | Reached XP level 12. HP: 102/112 MP: 14/14
 10257 | Lair:2   | Identified the +11 whip of Blood-Lust {vamp, Str+4}
 10472 | Lair:2   | Found a staircase to the Shoals.
 10489 | Lair:2   | Reached skill level 15 in Axes
 10948 | Lair:3   | Noticed an eight-headed hydra
 10957 | Lair:3   | Killed an eight-headed hydra
 10976 | Lair:3   | Found a hole to the Spider Nest.
 11118 | Lair:3   | Noticed a death yak
 11118 | Lair:3   | Noticed a death yak
 11143 | Lair:3   | Noticed a death yak
 11145 | Lair:3   | Noticed a death yak
 11147 | Lair:3   | Noticed a death yak
 11151 | Lair:3   | Killed a death yak
 11158 | Lair:3   | Killed a death yak
 11167 | Lair:3   | Killed a death yak
 11167 | Lair:3   | Received a gift from Okawaru
 11176 | Lair:3   | Killed a death yak
 11186 | Lair:3   | Killed a death yak
 11186 | Lair:3   | Reached ****** piety under Okawaru
 11309 | Lair:3   | Noticed a four-headed hydra
 11397 | Lair:3   | Noticed an eight-headed hydra
 11405 | Lair:3   | Killed an eight-headed hydra
 11406 | Lair:3   | Reached skill level 1 in Maces & Flails
 11406 | Lair:3   | Reached XP level 13. HP: 116/118 MP: 18/18
 11453 | Lair:3   | Reached skill level 1 in Shields
 12262 | Lair:3   | Identified the +1 buckler of Piolueb {Harm rCorr Str-4
                  | Dex-4} (Okawaru gifted it to you on level 3 of the Lair of
                  | Beasts)
 12262 | Lair:3   | Received a gift from Okawaru
 12287 | Lair:3   | Found the +5 robe of Misfortune {Harm *Corrode *Slow EV+5}
 12573 | Lair:4   | Noticed Snorg
 12591 | Lair:4   | Reached skill level 5 in Shields
 12605 | Lair:4   | Killed Snorg
 13139 | Lair:5   | Entered Level 5 of the Lair of Beasts
 13265 | Lair:5   | Reached skill level 5 in Maces & Flails
 13548 | Lair:5   | Identified the ring of Dereef {rN+ Dex+5 SInv}
 13595 | Lair:5   | Found a staircase to the Slime Pits.
 13597 | Lair:5   | Paralysed by a floating eye for 2 turns
 13603 | Lair:5   | Received a gift from Okawaru
 13723 | Lair:5   | Reached XP level 14. HP: 117/129 MP: 20/20
 14171 | Lair:5   | Reached skill level 10 in Invocations
 15500 | D:11     | Found a shimmering altar of Xom.
 15746 | D:11     | Identified the +3 executioner's axe of Fortitude {freeze,
                  | Str+3 Dex+4} (Okawaru gifted it to you on level 11 of the
                  | Dungeon)
 15746 | D:11     | Received a gift from Okawaru
 17068 | D:13     | Found a frozen archway.
 17107 | IceCv    | Entered an ice cave
 17226 | IceCv    | Identified the +1 buckler "Zydeedo" {rElec SInv} (Okawaru
                  | gifted it to you in an ice cave)
 17226 | IceCv    | Received a gift from Okawaru
 17368 | IceCv    | Noticed a frost giant
 17390 | IceCv    | Killed a frost giant
 17618 | IceCv    | Reached XP level 15. HP: 111/139 MP: 22/22
 17983 | D:13     | Noticed Sonja
 17987 | D:13     | Killed Sonja
 18123 | D:13     | Reached skill level 15 in Fighting
 18262 | D:13     | Noticed Josephine
 18266 | D:13     | Killed Josephine
 18666 | D:14     | Received a gift from Okawaru
 18897 | D:14     | Identified the +1 crystal plate armour of Exclusion {rF+
                  | rC- rN+ Dex+2 SInv} (Okawaru gifted it to you on level 14
                  | of the Dungeon)
 18897 | D:14     | Received a gift from Okawaru
 19106 | D:14     | Found Biukhuga's Weapon Emporium.
 19112 | D:14     | Found a gate to the Vaults.
 19164 | D:14     | Found a glowing golden altar of the Shining One.
 19590 | D:15     | Entered Level 15 of the Dungeon
 19906 | D:15     | Reached skill level 5 in Evocations
 19908 | D:15     | Found a staircase to the Depths.
 20622 | Orc:1    | Entered Level 1 of the Orcish Mines
 20949 | Orc:2    | Entered Level 2 of the Orcish Mines
 21158 | Orc:2    | Found a burning altar of Makhleb.
 21285 | Orc:2    | Paralysed by an orc sorcerer for 5 turns
 21362 | Orc:2    | Found Qoxzaug's Distillery.
 21363 | Orc:2    | Found Ynuoffuf's General Store.
 21367 | Orc:2    | Received a gift from Okawaru
 21492 | Orc:2    | Found a staircase to the Elven Halls.
 21507 | Orc:2    | Found a runed translucent gate.
 21507 | Orc:2    | Found a runed translucent gate.
 21507 | Orc:2    | Found a runed translucent gate.
 21573 | Orc:2    | Noticed 0netwelve's ghost (journeyman HOMo)
 21573 | Orc:2    | Noticed gyole's ghost (journeyman OgMo)
 21618 | Orc:2    | Found Kiykkecw's General Store.
 21618 | Orc:2    | Found Lunuh's Assorted Antiques.
 21623 | Orc:2    | Bought a potion of heal wounds for 70 gold pieces
 21623 | Orc:2    | Bought a potion of resistance for 140 gold pieces
 21688 | Orc:2    | Killed 0netwelve's ghost
 21690 | Orc:2    | Killed gyole's ghost
 21691 | Orc:2    | Reached XP level 16. HP: 97/152 MP: 24/24
 22235 | D:9      | Identified the ring of the Traitor {Will+ rCorr Str+2
                  | Dex+3}
 22335 | Shoals:1 | Entered Level 1 of the Shoals
 22468 | Spider:1 | Entered Level 1 of the Spider Nest
 22732 | Spider:1 | Noticed Kirke
 22740 | Spider:1 | Killed Kirke
 23304 | Spider:1 | Noticed Frances
 23316 | Spider:1 | Killed Frances
 23536 | Spider:2 | Identified the +3 great mace of Invincibility {freeze,
                  | Str+2} (Okawaru gifted it to you on level 2 of the Spider
                  | Nest)
 23536 | Spider:2 | Received a gift from Okawaru
 24186 | Spider:2 | Identified the +2 pair of gloves of Zapnob {rC+ Dex+4}
                  | (Okawaru gifted it to you on level 2 of the Spider Nest)
 24186 | Spider:2 | Received a gift from Okawaru
 24198 | Arena    | Entered the Arena
 25318 | Spider:3 | Reached XP level 17. HP: 168/168 MP: 25/25
 25772 | Spider:3 | Paralysed by a jorogumo for 2 turns
 25934 | Spider:3 | Received a gift from Okawaru
 25938 | Spider:3 | Identified the +0 leather armour of Nihilism {rC+}
 26145 | Spider:4 | Entered Level 4 of the Spider Nest
 26386 | Spider:4 | Identified the +6 battleaxe of Dissatisfaction {elec, Int+4
                  | Dex-2 Stlth+} (Okawaru gifted it to you on level 4 of the
                  | Spider Nest)
 26386 | Spider:4 | Received a gift from Okawaru
 27254 | Spider:4 | Received a gift from Okawaru
 27443 | Spider:4 | Got a gossamer rune of Zot
 27920 | Vaults:1 | Entered Level 1 of the Vaults
 28091 | Vaults:1 | Reached XP level 18. HP: 162/182 MP: 26/26
 28435 | Vaults:1 | Identified a scroll of acquirement
 28436 | Vaults:1 | Acquired the +9 executioner's axe "Kyedghit" {drain, Dex+5}
 28537 | Vaults:1 | Received a gift from Okawaru
 28819 | Vaults:1 | Found Quso's Weapon Emporium.
 29795 | Vaults:2 | Identified the +6 dire flail "Ivopeh" {heavy, rElec rN+++
                  | Str-2 Dex-5} (Okawaru gifted it to you on level 2 of the
                  | Vaults)
 29795 | Vaults:2 | Received a gift from Okawaru
 30109 | Vaults:2 | Found a staircase to the Crypt.
 30272 | Vaults:2 | Received a gift from Okawaru
 30451 | Vaults:2 | Reached skill level 15 in Armour
 30675 | Vaults:3 | Reached XP level 19. HP: 181/193 MP: 27/27
 30686 | Vaults:3 | Found Mubev's Book Emporium.
 30751 | Vaults:3 | Found a magical portal.
 30756 | WizLab   | Entered Alistair's Party Mansion
 30925 | WizLab   | Received a gift from Okawaru
 31276 | WizLab   | Noticed a golden dragon
 31431 | WizLab   | Got the Papyrus of Venin and Transition
 31474 | WizLab   | Acquired a +2 executioner's axe of freezing
 31476 | WizLab   | Acquired a manual of Dodging
 31886 | Vaults:3 | Received a gift from Okawaru
 32111 | Abyss:2  | Cast into level 2 of the Abyss (vault sentinel)
 32159 | Abyss:2  | Found a corrupted altar of Lugonu.
 32176 | Abyss:3  | Found a corrupted altar of Lugonu.
 32185 | Vaults:3 | Escaped the Abyss
 32212 | Vaults:3 | Found Dich's Antique Armour Boutique.
 32245 | Vaults:3 | Reached skill level 15 in Dodging
 32269 | Vaults:3 | Noticed Nikola
 32276 | Vaults:3 | Received a gift from Okawaru
 32285 | Vaults:3 | Killed Nikola
 32467 | Vaults:3 | Reached XP level 20. HP: 206/206 MP: 28/28
 32488 | Vaults:3 | Paralysed by a great orb of eyes for 2 turns
 32508 | Vaults:3 | Received a gift from Okawaru
 32968 | Vaults:3 | Noticed Asterion
 32969 | Vaults:3 | Noticed Sojobo
 32970 | Vaults:3 | Noticed Frederick
 32974 | Vaults:3 | Received a gift from Okawaru
 32975 | Vaults:3 | Paralysed by an air elemental for 1 turns
 32985 | Vaults:3 | Killed Frederick
 32987 | Vaults:3 | Paralysed by an air elemental for 1 turns
 33002 | Vaults:3 | Killed Asterion
 33014 | Vaults:3 | Killed Sojobo
 33555 | D:14     | Fell from the grace of Okawaru
 33555 | D:14     | Became a worshipper of the Shining One
 33786 | Vaults:4 | Reached XP level 21. HP: 214/214 MP: 29/29
 34128 | Vaults:4 | Identified the +1 rapier "Unugar" {antimagic, rN++ Will-
                  | Dex+2}
 34849 | Vaults:4 | Reached * piety under the Shining One
 34990 | Vaults:4 | Acquired the ring "Xuavommabb" {rF+ rN+ Will+ Int+3 Dex-4}
 35141 | Vaults:5 | Entered Level 5 of the Vaults
 35436 | Crypt:1  | Entered Level 1 of the Crypt
 35453 | Crypt:1  | Reached ** piety under the Shining One
 35472 | Crypt:1  | Reached *** piety under the Shining One
 35587 | Crypt:1  | Reached **** piety under the Shining One
 35746 | Crypt:1  | Found a runed translucent gate.
 35746 | Crypt:1  | Found a runed translucent gate.
 35746 | Crypt:1  | Found a runed translucent gate.
 35747 | Crypt:1  | Noticed Ceuschugat's ghost (veteran GrFi)
 35898 | Crypt:1  | Found a runed translucent gate.
 35898 | Crypt:1  | Found a runed translucent gate.
 35898 | Crypt:1  | Found a runed translucent gate.
 35899 | Crypt:1  | Reached ***** piety under the Shining One
 36339 | Crypt:1  | Found an iron altar of Okawaru.
 36570 | Crypt:2  | Reached ****** piety under the Shining One
 36680 | Crypt:2  | Noticed Margery
 36700 | Crypt:2  | Killed Margery
 37042 | Crypt:3  | Entered Level 3 of the Crypt
 37308 | Crypt:3  | Identified the +1 war axe "Wesiekoq" {freeze, rElec rN+
                  | Str+6 Int-2}
 37533 | Crypt:3  | Noticed an ancient lich
 37538 | Crypt:3  | Killed an ancient lich
 37547 | Crypt:3  | Identified the +0 sling of Jidghol {speed, Str+3 Int+2}
 37567 | Crypt:3  | Identified the +6 halberd of Trauma {elec, Fly rCorr MP-9
                  | Dex+5}
 37587 | Crypt:3  | Reached XP level 22. HP: 159/222 MP: 30/30
 37956 | Crypt:3  | Found a staircase to the Tomb.
 38106 | Crypt:3  | Noticed a curse toe
 38122 | Crypt:3  | Was forgiven by Okawaru
 38124 | Crypt:3  | Killed a curse toe
 38190 | Crypt:3  | Found the +10 Black Knight's barding {ponderous, rPois rN+}
 38751 | Depths:1 | Entered Level 1 of the Depths
 38891 | Depths:1 | Found a runed translucent gate.
 38891 | Depths:1 | Found a runed translucent gate.
 38891 | Depths:1 | Found a runed translucent gate.
 38892 | Depths:1 | Identified the +1 chain mail "Larutuf" {Harm rPois Dex+3}
 38895 | Depths:1 | Noticed NoOffense's ghost (journeyman TrMo)
 38896 | Depths:1 | Noticed a caustic shrike
 39086 | Depths:1 | Reached skill level 15 in Invocations
 39179 | Depths:1 | Found an iron altar of Okawaru.
 39240 | Depths:1 | Found a gateway to Hell.
 39459 | Depths:1 | Found a one-way gate to the infinite horrors of the Abyss.
 39696 | Depths:1 | Found an ancient bone altar of Kikubaaqudgha.
 39997 | Depths:2 | Found Saekepel's Book Boutique.
 39997 | Depths:2 | Found Ostigh's Jewellery Emporium.
 39998 | Depths:2 | Found Otootam's Jewellery Emporium.
 40140 | Depths:2 | Found a one-way gate leading to the halls of Pandemonium.
 40411 | Depths:2 | Noticed Vv
 40434 | Depths:2 | Killed Vv
 40935 | Depths:3 | Paralysed by a floating eye for 3 turns
 41243 | Depths:3 | Found a one-way gateway to a ziggurat.
 41306 | Depths:3 | Reached XP level 23. HP: 215/229 MP: 35/35
 41353 | Depths:3 | Identified the +11 arbalest "Lorem Ipsum" {drain, +Blink
                  | Dex+5}
 41353 | Depths:3 | Noticed the Enchantress
 41374 | Depths:3 | Killed the Enchantress
 41404 | Depths:3 | Paralysed by a floating eye for 4 turns
 41634 | Depths:3 | Paralysed by a floating eye for 4 turns
 41989 | Depths:3 | Found Ufaih's Distillery.
 42008 | Depths:3 | Bought a potion of berserk rage for 70 gold pieces
 42008 | Depths:3 | Bought a potion of might for 56 gold pieces
 42008 | Depths:3 | Bought a potion of heal wounds for 70 gold pieces
 42193 | Depths:3 | Identified the +5 demon trident "Beastbane" {venom, rElec
                  | rF+ Str+3}
 42277 | Depths:3 | Found a corrupted altar of Lugonu.
 42543 | Depths:4 | Entered Level 4 of the Depths
 43148 | Depths:1 | Killed a caustic shrike
 43158 | Depths:1 | Killed NoOffense's ghost
 43166 | Depths:1 | Identified the +2 cloak "Xetz" {Will+ Str+3 Int+5}
 43184 | Depths:1 | Identified a +9 executioner's axe of holy wrath (a +9
                  | executioner's axe of freezing blessed by the Shining One)
 43184 | Depths:1 | Received a gift from the Shining One
 43434 | Crypt:1  | Killed Ceuschugat's ghost
 44129 | Elf:1    | Entered Level 1 of the Elven Halls
 44267 | Elf:1    | Found a radiant altar of Vehumet.
 44674 | Elf:1    | Got the Discourse on Injury
 44966 | Elf:1    | Noticed Aizul
 44972 | Elf:1    | Killed Aizul
 45181 | Elf:2    | Found a runed translucent gate.
 45181 | Elf:2    | Found a runed translucent gate.
 45454 | Elf:2    | Found a runed translucent gate.
 45663 | Elf:2    | Reached XP level 24. HP: 231/243 MP: 36/36
 46187 | Elf:3    | Entered Level 3 of the Elven Halls
 46263 | Elf:3    | Found Nuajosomp's General Store.
 46272 | Elf:3    | Bought a scroll of teleportation for 51 gold pieces
 46797 | Elf:3    | Identified the +0 falchion of Bixesuk {holy, rElec rC+
                  | Str+3 Dex+2}
 47537 | Elf:3    | Identified the +9 broad axe "Dragonbane" {pain, rPois Will-
                  | Int+3}
 47537 | Elf:3    | Identified the +6 chain mail of the Sunfish {rPois Str+2}
 47540 | Elf:3    | Identified the ring of Paez Xiufo {Fire Will++ Str-2 Dex+2
                  | Stlth+}
 47562 | Elf:3    | Identified the +4 swamp dragon scales "Serof" {rElec rPois
                  | Int+2 Dex-4}
 47672 | Elf:3    | Identified the +1 demon blade "Egulug" {venom, rF+ Str-5
                  | Dex+2}
 47700 | Elf:3    | Identified the +4 spear "Xogroci" {flame, rCorr}
 47710 | Elf:3    | Identified the +6 rapier "Mizeg" {flame, Int+2}
 48340 | Vaults:5 | Noticed an ancient lich
 48360 | Vaults:5 | Killed an ancient lich
 48362 | Vaults:5 | Noticed an ancient lich
 48476 | Vaults:4 | Killed an ancient lich
 48519 | Vaults:5 | Noticed a dread lich
 48521 | Vaults:5 | Noticed an ancient lich
 48524 | Vaults:5 | Noticed a dread lich
 48533 | Vaults:5 | Reached skill level 27 in Fighting
 48536 | Vaults:4 | Killed a dread lich
 48537 | Vaults:4 | Reached skill level 27 in Axes
 48653 | Vaults:4 | Killed a dread lich
 48819 | Vaults:5 | HP: 5/249 [ettin/+0 dire flail (16)]
 48819 | Vaults:5 | Killed from afar by a titan

Illustrated notes

Levels and vault maps discovered:
D:1:      dpeg_arrival_refuge, layout_loops_corners,
          hangedman_decor_peaks_small, minmay_misc_feat_ornament
D:2:      layout_loops_ring, chequers_ecumenical_altar_island,
          minmay_shallow_snake_nest
D:3:      layout_basic, mainiacjoe_overflow_tiny_flanked, minitemple, uniq_ijyb
D:4:      layout_loops_corners, uniq_crazy_yiuf_cottage
D:5:      minmay_spotlight, layout_basic, grunt_temple_overflow_magic_moments,
          xom_butterflies
D:6:      layout_loops_cross, overflow_temple_1_default, uniq_duvessa,
          uniq_blork_the_orc, uniq_menkaure
D:7:      layout_basic, mainiacjoe_overflow_small_starburst, temple_pool_b,
          serial_shops, shop
D:8:      layout_layer_cave, david_lair_generic, minmay_misc_feat_pillars,
          corner_web_ring, chequers_serial_rivers_small_a
D:9:      gammafunk_indiana_jones, layout_long_grid,
          lemuel_coloured_pillars_altar, nicolae_qazlal_scattered_showers,
          uniq_maurice
D:10:     layout_loops_ring, david_orc_5, onia_ninara_dug_in_and_dangerous,
          uniq_psyche
D:11:     layout_stronghold, hangedman_decor_points, tgw_xom
D:12:     layout_irregular_city, hangedman_glass_teeth
D:13:     layout_stronghold, portal_ice_cave_entry_animals_and_master,
          grunt_decor_resistance, uniq_josephine, uniq_sonja
D:14:     lemuel_ice_spiral_2, layout_rooms, erik_vaults_2, old_standard_altar,
          serial_shops, shop
D:15:     grunt_enter_depths_magical_seal, layout_gridville,
          nicolae_hexahallways, minivault_22
Temple:   corrupted_temple
Lair:1:   layout_cave_shapes, lemuel_fruit_fields, serial_bayou_shore_a,
          uniq_prince_ribbit2, uniq_gastronok
Lair:2:   layout_loops_ring, nicolae_shoals_entry_roost,
          chequers_serial_rivers_micro_a, grunt_megastairs_5
Lair:3:   kb_forest_paths, layout_chaotic_city,
          nicolae_spider_entry_lesser_pyramids, kennysheep_catoblepas_arena
Lair:4:   hellmonk_ruined_rings, layout_regular_city, uniq_snorg
Lair:5:   grunt_lair_end_beastmaster, layout_regular_city,
          minmay_slime_entry_eyes
Shoals:1: layout_shoals, st_sunken_temple
Spider:1: layout_spider_delve, uniq_frances, uniq_kirke
Spider:2: layout_chambers, nicolae_spider_solar_radiation
Spider:3: layout_spider_delve, drop_trap, nicolae_spider_some_kinda_spiderbox
Spider:4: grunt_spider_rune_circles, nicolae_spider_checkerboard
Orc:1:    layout_diamond_mine
Orc:2:    st_orc_town, layout_diamond_mine, gammafunk_ghost_cemetery,
          lemuel_statue_altar
Elf:1:    elf_arrival_001, layout_loops_corners, basic_altar,
          minmay_elf_annihilation, uniq_aizul
Elf:2:    elven_hall_of_blades_hangedman_original [grunt_blade_entry_basic],
          layout_gridlike, elves_outpost_lemuel
Elf:3:    minmay_elf_hall_statues, layout_geoelf_castle, serial_shops,
          nicolae_lakefront_shop, grunt_ministairs_7
Vaults:1: vaults_room_mumra_shop_pool, hangedman_vaults_stretched_pinwheel,
          hangedman_vaults_slice, ontoclasm_vaults_eye, ontoclasm_vaults_idyll,
          v_misc_9, nicolae_vaults_little_squares_6, layout_vaults_omnigrid
Vaults:2: minmay_crypt_entry_vampire_xt, vaults_mumra_minichess, v_pattern_1,
          hangedman_vaults_stitches, v_misc_26, hangedman_vaults_maws,
          nicolae_vaults_asterisk, nicolae_vaults_triangles, vaults_dpeg_cross,
          layout_vaults_omnibox
Vaults:3: infiniplex_enter_wizlab_spiral, nicolae_vaults_angled_halls,
          nicolae_vaults_what_the_h, sword_in_stone,
          ontoclasm_vaults_decontamination,
          nicolae_vaults_windows_and_doors_thing, vaults_dpeg_encased_lava,
          dpeg_vaults_monster_box, nicolae_vaults_mini_display_case,
          vaults_dpeg_ring, layout_vaults_chaotic_city, serial_shops, shop,
          shop_coins, uniq_nikola
Vaults:4: vaults_room_corners, vaults_dpeg_hooks, v_rooms_1,
          nicolae_vaults_theta, v_pattern_3,
          hangedman_vaults_stretched_pinwheel,
          vaults_standard_mumra_enter_the_diamond, grunt_vaults_hallway_short,
          layout_vaults_omnicross
Vaults:5: serial_shops
Crypt:1:  layout_chaotic_city, gammafunk_ghost_fury_of_okawaru, pandoras_box_mu,
          grunt_crypt_arrival_guarded_gate, uniq_frederick
Crypt:2:  layout_rooms, uniq_margery
Crypt:3:  due_elkab, layout_chaotic_city
Depths:1: layout_basic, gammafunk_ghost_split, pf_hell_entry_tar_river,
          abyss_entry_crystal, okawaru_trees_1,
          lemuel_zombie_altar_kikubaaqudgha
Depths:2: minmay_skeletal_surprise, layout_cross, pan_entry,
          hangedman_abyss_or_decor_clamps, hellmouth_3, kennysheep_potato,
          minmay_shop_grove, infiniplex_staircase_zigzag_4, uniq_vv,
          uniq_josephina, uniq_asterion
Depths:3: evilmike_diamond_1, layout_cave_shapes, enter_ziggurat_a,
          serial_bayou_shore_b, abyss_entry_flame_altar, hellmouth_1,
          rand_demon_pan_entry_7, serial_shops, nicolae_shop_statue_plus,
          minmay_staircase_statues_hall_small, uniq_enchantress
Depths:4: evilmike_zot_entry_diamond, layout_gridlike,
          grunt_hell_entry_demonic_statue, serial_bayou_shore_b

Skill      XL: |  1  2  3  4  5  6  7  8  9 10 11 12 13 14 15 16 17 18 19 20 21 22 23 24 |
---------------+-------------------------------------------------------------------------+-----
Armour         | 1 2 3 4 5 6 8 9 10 11 13 15 16 17 19 20 | 20.3
Axes           | 4 5 6 7 8 10 13 16 18 20 22 23 25 27 | 27.0
Fighting       | 3 4 5 6 7 8 10 12 13 14 16 19 21 22 24 25 27 | 27.0
Dodging        | 4 5 6 7 9 10 11 12 16 17 20 | 20.0
Invocations    | 2 3 5 8 9 11 12 13 18 20 | 20.0
Evocations     | 2 5 |  5.0
Maces & Flails | 1 5 6 |  6.0
Shields        | 5 |  5.0
Throwing       | |  2.0

Action                     |  1- 3 |  4- 6 |  7- 9 | 10-12 | 13-15 | 16-18 | 19-21 | 22-24 || total
---------------------------+-------+-------+-------+-------+-------+-------+-------+-------++-------
  Melee: War axe           |    60 |   114 |   109 |       |       |       |       |       ||   283
         Headbutt          |    14 |    13 |    41 |   100 |   303 |   264 |   281 |   357 ||  1373
         Punch             |       |     3 |     2 |    10 |     3 |       |       |       ||    18
         Hand axe          |       |       |    78 |   247 |       |       |       |       ||   325
         Whip              |       |       |       |   172 |   641 |       |       |       ||   813
         Executioner's axe |       |       |       |       |   488 |   898 |   869 |  1118 ||  3373
  Throw: Throwing net      |       |     1 |     4 |     1 |       |       |       |       ||     6
         Javelin           |       |     1 |     2 |     5 |       |       |       |       ||     8
         Dart              |       |       |       |     6 |       |       |       |       ||     6
 Invoke: Heroism           |       |       |     6 |     6 |     6 |     8 |     4 |       ||    30
         Duel              |       |       |       |       |       |     1 |       |       ||     1
         Finesse           |       |       |       |       |       |     1 |     2 |       ||     3
         Divine Shield     |       |       |       |       |       |       |     1 |    11 ||    12
         Summon Divine War |       |       |       |       |       |       |       |    10 ||    10
         Cleansing Flame   |       |       |       |       |       |       |       |     2 ||     2
         Brand Weapon With |       |       |       |       |       |       |       |     1 ||     1
  Evoke: Wand              |       |       |     3 |     5 |       |       |       |     1 ||     9
    Use: Scroll            |       |       |     8 |     4 |    13 |     9 |    18 |    12 ||    64
         Potion            |       |       |     1 |     1 |     2 |    10 |     8 |    18 ||    40
   Stab: Held in net/web   |       |       |     3 |     1 |       |       |       |       ||     4
         Sleeping          |       |       |       |     1 |       |       |       |       ||     1
         Petrified         |       |       |       |       |     3 |       |       |       ||     3
         Petrifying        |       |       |       |       |     1 |       |       |       ||     1
         Confused          |       |       |       |       |       |       |     1 |       ||     1
 Armour: Leather armour    |    20 |       |       |       |       |       |       |       ||    20
         Scale mail        |     1 |    21 |       |       |       |       |       |       ||    22
         Ring mail         |       |    28 |   112 |   176 |   150 |       |       |       ||   466
         Plate armour      |       |       |       |       |   412 |   516 |   234 |   265 ||  1427
         Gold dragon scale |       |       |       |       |       |       |       |   228 ||   228
  Dodge: Dodged            |    43 |    66 |   140 |   327 |   656 |   904 |   467 |   671 ||  3274
         Repelled          |       |       |       |       |     4 |       |       |    14 ||    18
  Block: Buckler           |       |       |       |       |    87 |       |       |       ||    87
         Other             |       |       |       |       |       |       |     6 |   155 ||   161

Table legend: (Time is in decaauts)
 A = Elapsed time spent in this place.
 B = Non-inter-level travel time spent in this place.
 C = Inter-level travel time spent in this place.
 D = Time resting spent in this place.
 E = Time spent auto-exploring this place.
 F = Levels seen in this place.
 G = Mean time per level.
                   A        B        C        D        E       F      G
               +--------+--------+--------+--------+--------+-----+--------+
         Total |  47886 |  42826 |   5060 |   5855 |  27397 |  48 |  997.6 |
       Dungeon |  15862 |  13762 |   2100 |    689 |  10297 |  15 | 1057.5 |
        Temple |     38 |     27 |     11 |      0 |     19 |   1 |   38.0 |
          Lair |   4998 |   4506 |    492 |    124 |   3346 |   5 |  999.6 |
        Shoals |     91 |     86 |      5 |     65 |      0 |   1 |   91.0 |
   Spider Nest |   5168 |   4936 |    232 |   1308 |   2569 |   4 | 1292.0 |
  Orcish Mines |   1420 |   1145 |    275 |      0 |    878 |   2 |  710.0 |
   Elven Halls |   3807 |   3608 |    199 |    474 |   2169 |   3 | 1269.0 |
        Vaults |   7257 |   6054 |   1203 |   1341 |   3633 |   5 | 1451.4 |
         Crypt |   3543 |   3284 |    259 |    519 |   1889 |   3 | 1181.0 |
        Depths |   3978 |   3699 |    279 |    952 |   1864 |   4 |  994.5 |
         Abyss |     73 |     73 |      0 |     45 |      0 |   2 |   36.5 |
      Ice Cave |    729 |    729 |      0 |     70 |    400 |   1 |  729.0 |
        Wizlab |    892 |    892 |      0 |    248 |    330 |   1 |  892.0 |
         Arena |     24 |     24 |      0 |     18 |      0 |   1 |   24.0 |
               +--------+--------+--------+--------+--------+-----+--------+

Top non-repeatable levels by time:
Spider:2: 1958 daAuts
Vaults:2: 1931 daAuts
Vaults:4: 1860 daAuts
Vaults:1: 1781 daAuts
   Elf:3: 1773 daAuts
Vaults:3: 1642 daAuts
Depths:3: 1481 daAuts
     D:8: 1477 daAuts
 Crypt:1: 1454 daAuts
     D:9: 1442 daAuts
 Crypt:3: 1442 daAuts
     D:5: 1409 daAuts
Spider:4: 1344 daAuts
  Lair:3: 1303 daAuts
Depths:1: 1278 daAuts
